 Dungeon Crawl Stone Soup version 0.26-a0-670-g578ab304f5 (webtiles) character file.

Game seed: 13789073722739371927

545 Napalmbreeze the Slinger (level 7, -1/50 HPs)
             Began as a Halfling Hunter on Oct 19, 2020.
             Slain by Duvessa
             ... wielding a +0 short sword
              (11 damage)
             ... on level 5 of the Dungeon.
             The game lasted 00:08:07 (4629 turns).

Napalmbreeze the Slinger (Halfling Hunter)          Turns: 4629, Time: 00:08:08

Health: -1/50      AC:  5    Str: 13    XL:     7   Next: 53%
Magic:  7/7        EV: 15    Int:  9    God:
Gold:   172        SH:  0    Dex: 17    Spells: 6/6 levels left

rFire    . . .     SeeInvis .   a - +1 hunting sling
rCold    . . .     Faith    .   (shield restricted)
rNeg     . . .     Spirit   .   i - +2 robe {MR+}
rPois    .         Reflect  .   k - +0 helmet
rElec    .         Harm     .   (no cloak)
rCorr    .         Rampage  .   (no gloves)
MR       +....                  (no boots)
Stlth    ++........             (no amulet)
HPRegen  0.16/turn              (no ring)
MPRegen  0.10/turn              (no ring)

@: no status effects
A: small, mutation resistance 1
a: no special abilities


You were on level 5 of the Dungeon.
You visited 1 branch of the dungeon, and saw 6 of its levels.

You collected 172 gold pieces.

Inventory:

Hand Weapons
 a - a +1 hunting sling (weapon)
 b - a +0 short sword
Missiles
 e - 41 stones (quivered)
Armour
 i - a +2 robe of magic resistance (worn)
 k - a +0 helmet (worn)
 n - a +0 buckler
Jewellery
 j - an uncursed ring of fire
Scrolls
 c - a scroll of remove curse
 f - 2 scrolls of identify
 g - a scroll of fog
 m - a scroll of teleportation
Potions
 h - 3 potions of mutation


   Skills:
 - Level 5.0 Fighting
 + Level 9.7 Slings
 - Level 2.1 Dodging
 - Level 1.1 Stealth


You had 6 spell levels left.
You didn't know any spells.
Your spell library was empty.

Dungeon Overview and Level Annotations

Branches:
Dungeon (6/15)
 Temple: D:4-7

Altars:
Ru

Annotations:
D:2 1 runed translucent door, Crazy Yiuf
D:4 Ijyb
D:5 Duvessa


Innate Abilities, Weirdness & Mutations

You are small and have problems with some larger weapons.
You are somewhat resistant to further mutation.


Message History

Firing (i - inventory)
e - 44 stones (quivered)
Press: ? - help, Shift-Dir - straight line, f/p - Duvessa
Aim: Duvessa, wielding a +0 short sword and wearing a +0 chain mail (moderately wounded, berserk)
You shoot a stone. The stone hits Duvessa.
Duvessa is moderately wounded.
Duvessa hits you but does no damage.
Firing (i - inventory)
e - 43 stones (quivered)
Press: ? - help, Shift-Dir - straight line, f/p - Duvessa
Aim: Duvessa, wielding a +0 short sword and wearing a +0 chain mail (moderately wounded, berserk)
You shoot a stone. The stone barely misses Duvessa.
Duvessa hits you with a +0 short sword.
* * * LOW HITPOINT WARNING * * *
Unknown command.
Firing (i - inventory)
e - 42 stones (quivered)
Press: ? - help, Shift-Dir - straight line, f/p - Duvessa
Aim: Duvessa, wielding a +0 short sword and wearing a +0 chain mail (moderately wounded, berserk)
You shoot a stone. The stone hits Duvessa.
Duvessa is heavily wounded.
Duvessa hits you with a +0 short sword!
You die...

###########
#.......(.#######
#...[...>........
######.........#######
#...........((..(.# .#
#......###.##(.(..# ...#
#......###.##()...# ...
#..........##e..(.# ..#
## #......######@....#
.o# . #####....# #(.((.#
#.#.# #....#
#...(.#######.#.##
###....##
#.................
#.......#
##....#######.#o##
#.......# ###### #.#
#.......###############o#
###.###<.((.o?.....oo...#
#. ###################


You could see Duvessa (berserk).

Vanquished Creatures
  Sigmund (D:2)
  Dowan (D:5)
  A howler monkey (D:5)
  2 orc wizards
  An orc priest (D:6)
  Natasha (D:3)
  Robin (D:2)
  5 gnolls
  A worker ant zombie (D:5)
  2 adders
  2 oozes
  2 worms (D:2)
  2 dart slugs
  2 leopard geckos
  8 orcs
  4 giant cockroaches
  13 goblins
  8 hobgoblins
  3 jackals (D:2)
  A quokka (D:5)
  7 bats
  4 frilled lizards
  A jackal skeleton (D:4)
  4 kobolds
  4 rats (D:2)
81 creatures vanquished.

Notes
Turn   | Place    | Note
-------+----------+-------------------------------------------
     0 | D:1      | Napalmbreeze the Halfling Hunter began the quest for the
                  | Orb.
     0 | D:1      | Reached XP level 1. HP: 14/14 MP: 1/1
    87 | D:1      | Reached skill level 6 in Slings
   218 | D:1      | Reached XP level 2. HP: 19/19 MP: 2/2
   706 | D:1      | Reached XP level 3. HP: 3/25 MP: 3/3
  1184 | D:2      | Noticed Sigmund
  1659 | D:2      | Reached skill level 7 in Slings
  1659 | D:2      | Reached XP level 4. HP: 23/30 MP: 4/4
  1669 | D:2      | Reached XP level 5. HP: 26/36 MP: 5/5
  1733 | D:2      | Found a sacrificial altar of Ru.
  1786 | D:2      | Noticed Robin
  1804 | D:2      | Killed Robin
  2253 | D:2      | Found a runed translucent door.
  2254 | D:2      | Noticed Crazy Yiuf
  2800 | D:2      | Killed Sigmund
  2800 | D:2      | Reached skill level 8 in Slings
  2800 | D:2      | Reached XP level 6. HP: 21/44 MP: 6/6
  3029 | D:2      | Found a runed translucent door.
  3242 | D:2      | Found a sacrificial altar of Ru.
  3676 | D:3      | Noticed Natasha
  3682 | D:3      | Killed Natasha
  3758 | D:3      | You fall into a shaft and drop 3 floors!
  3762 | D:6      | Reached XP level 7. HP: 49/49 MP: 7/7
  3778 | D:5      | Entered Level 5 of the Dungeon
  3792 | D:5      | Reached skill level 9 in Slings
  3924 | D:4      | Noticed Ijyb
  4268 | D:5      | Noticed Dowan
  4294 | D:6      | Reached skill level 5 in Fighting
  4586 | D:5      | Killed Dowan
  4613 | D:5      | Noticed Duvessa
  4629 | D:5      | Slain by Duvessa

Illustrated notes

Levels and vault maps discovered:
D:1:      saegor_arrival_simple_e, layout_basic
D:2:      layout_basic, nicolae_ru_great_annihilating_truth, uniq_robin,
          uniq_crazy_yiuf_cottage, uniq_sigmund
D:3:      layout_loops_cross, uniq_natasha
D:4:      layout_basic, minmay_crossroads, uniq_ijyb
D:5:      layout_basic, gup_ossuary_entry_pyramid, uniq_duvessa
D:6:      layout_basic

Skill      XL: |  1  2  3  4  5  6  7 |
---------------+----------------------+-----
Slings         | 6 7 8 9 |  9.7
Fighting       | 2 3 4 5 |  5.0
Dodging        | |  2.1
Stealth        | |  1.1

Action                   |  1- 3 |  4- 6 |  7- 9 || total
-------------------------+-------+-------+-------++-------
 Fire: Hunting sling     |    80 |   125 |   135 ||   340
  Use: Scroll            |     2 |       |     2 ||     4
       Potion            |       |     2 |     1 ||     3
Armor: Leather armour    |     6 |     9 |       ||    15
       Robe              |       |     2 |     6 ||     8
Dodge: Dodged            |    17 |    20 |    48 ||    85

Table legend: (Time is in decaauts)
 A = Elapsed time spent in this place.
 B = Non-inter-level travel time spent in this place.
 C = Inter-level travel time spent in this place.
 D = Time resting spent in this place.
 E = Time spent auto-exploring this place.
 F = Levels seen in this place.
 G = Mean time per level.
                   A        B        C        D        E       F      G
               +--------+--------+--------+--------+--------+-----+--------+
         Total |   4565 |   4324 |    241 |   1064 |   2180 |   6 |  760.8 |
       Dungeon |   4565 |   4324 |    241 |   1064 |   2180 |   6 |  760.8 |
               +--------+--------+--------+--------+--------+-----+--------+

Top non-repeatable levels by time:
     D:2: 2272 daAuts
     D:1: 1308 daAuts
     D:6: 521 daAuts
     D:5: 175 daAuts
     D:3: 145 daAuts
     D:4: 143 daAuts
